cohdb
Replays
Latest Replays
All Replays
Popular Replays
Top Player Replays
Match Explorer
How It Works
Community
CoH3 Stats
Reddit
Sign in to upload your games and track your stats! →
Sign in with Steam
Match 47227442
Unlisted
Match 47227442
Overview
Messages
Build Orders
End
Pioneer Squad
Construct Infanterie Kompanie
Selects Italian Coastal Battlegroup
Selects Coastal Reserves
Coastal Reserve
MG 42 Machine Gun Team
Coastal Reserve
Coastal Reserve
Selects Artillery Officer
Coastal Reserve
Construct Panzergrenadier Kompanie
Artillery Officer
Pak 40 Anti-tank Gun Team
Medical Bunker
Support Elements
Pak 40 Anti-tank Gun Team
Pak 40 Anti-tank Gun Team
UMirinBrah?
帝国大机霸贝克尔少校
Vulpes
Ghost
0
0
Comments
sign in to comment!
No comments posted yet!